 Dungeon Crawl Stone Soup version 0.31-a0-931-g7b59d4eb97 (console) character file.

Game seed: 16227653919616104118

3286 jejorda2 the Cleaver (level 10, -6/120 HPs)
             Began as a Gnoll Berserker on Oct 19, 2023.
             Was a Believer of Trog.
             Mangled by a yak (9 damage)
             ... on level 6 of the Dungeon.
             The game lasted 00:12:59 (6162 turns).

jejorda2 the Cleaver (Gnoll Berserker)              Turns: 6162, Time: 00:12:59

Health: -6/120     AC: 25    Str: 20    XL:     10   Next: 1%
Magic:  17/17      EV:  2    Int:  6    God:    Trog [**....]
Gold:   185        SH:  0    Dex: 13    Spells: 18/18 levels left

rFire   . . .        a - +1 war axe
rCold   . . .        (no shield)
rNeg    . . .        p - melded +0 chain mail
rPois   +            e - melded +2 hat
rElec   .            (cloak currently unavailable)
rCorr   .            h - melded +0 pair of gloves
SInv    .            (boots currently unavailable)
Will    .....        (no amulet)
Stlth   +++          u - ring of flight
HPRegen 0.40/turn    (no ring)
MPRegen 0.15/turn

%: no passive effects
@: mighty, tree-form, on berserk cooldown, slowed, very slow
A: stationary, stasis, torment immunity, boosted hp, (fangs 1), strong nose,
distributed training
a: Renounce Religion, Berserk, Trog's Hand


You were on level 6 of the Dungeon.
You worshipped Trog.
Trog was pleased with you.
You were a tree.
You visited 2 branches of the dungeon, and saw 7 of its levels.

You collected 283 gold pieces.
You spent 98 gold pieces at shops.

Inventory:

Hand Weapons
 a - a +1 war axe (weapon)
 b - a +2 whip of electrocution
Missiles
 g - a throwing net
 y - 18 poisoned darts
Armour
 e - a +2 hat (melded)
 h - a +0 pair of gloves (melded)
 m - the +0 leather armour of Magic {rF+ rC+ Regen+ Str-5 Int+3}
   (You found it on level 2 of the Dungeon)

   Str-5:     It affects your strength (-5).
   Int+3:     It affects your intelligence (+3).
   rF+:       It protects you from fire.
   rC+:       It protects you from cold.
   Regen+:    It increases your rate of health regeneration.
 p - a +0 chain mail (melded)
Jewellery
 u - a ring of flight (left branch)
Wands
 f - a wand of polymorph (7)
 q - a wand of flame (12)
Scrolls
 i - a scroll of blinking
 j - a scroll of fear {unknown}
 s - 2 scrolls of enchant weapon
 w - a scroll of teleportation
 x - a scroll of revelation
Potions
 d - 5 potions of curing
 l - 3 potions of ambrosia
 n - a potion of mutation {unknown}
 t - a potion of resistance {unknown}
 v - a potion of might
 z - a potion of degeneration {unknown}
 A - a potion of enlightenment {unknown}


   Skills:
 + Level 8.2 Fighting
 + Level 4.9 Short Blades
 + Level 4.9 Long Blades
 + Level 8.2 Axes
 + Level 4.9 Maces & Flails
 + Level 4.9 Polearms
 + Level 4.9 Staves
 + Level 4.9 Ranged Weapons
 + Level 4.9 Throwing
 + Level 6.8 Armour
 + Level 6.8 Dodging
 + Level 4.9 Stealth
 + Level 4.9 Shields
 + Level 4.9 Unarmed Combat
 + Level 4.9 Spellcasting
 + Level 4.0 Conjurations
 + Level 4.0 Hexes
 + Level 4.0 Summonings
 + Level 4.0 Necromancy
 + Level 4.0 Translocations
 + Level 4.0 Transmutations
 + Level 4.0 Fire Magic
 + Level 4.0 Ice Magic
 + Level 4.0 Air Magic
 + Level 4.0 Earth Magic
 + Level 4.0 Poison Magic
 + Level 5.3 Invocations
 + Level 4.9 Evocations
 + Level 4.4 Shapeshifting


You had 18 spell levels left.
You didn't know any spells.
Your spell library was empty.

Dungeon Overview and Level Annotations

Branches:
Dungeon (6/15)             Temple (1/1) D:5

Altars:
Cheibriados
Fedhas
Gozag
Hepliaklqana
Okawaru
Qazlal
Ru
Sif Muna
Uskayaw
Vehumet
Xom
Yredelemnul
The Shining One

Shops:
D:4 !


Innate Abilities, Weirdness & Mutations

You are a tree.
Your roots penetrate the ground, keeping you stationary.
You cannot be teleported.
You are immune to unholy pain and torment.
Your maximum health is greatly increased.
Your equipment is partially melded.
((You have very sharp teeth.))
Your uncanny sense of smell can sniff out nearby items.
Your experience applies equally to all skills.


Message History

You hit the yak.
The yak is severely wounded.
You slash the yak! The yak gores you. The yak misses you. The yak gores you.
The yak misses you.
You hit the yak.
The yak is severely wounded.
You hit the yak. The yak gores you but does no damage. The yak gores you.
The yak gores you but does no damage. The yak closely misses you.
You barely miss the yak.
The yak is severely wounded.
You hit the yak but do no damage.
You feel the effects of Trog's Hand fading.
The yak gores you!
The yak snorts and paws the ground.
The yak gores you but does no damage.
You barely miss the yak.
The yak is severely wounded.
You hit the yak. The yak gores you!
The yak gores you but does no damage. x3
You slash the yak! You punch the yak. You bite the yak.
The yak is almost dead.
You hit the yak but do no damage. The yak gores you but does no damage.
The yak gores you!
* * * LOW HITPOINT WARNING * * *
The yak gores you.
* * * LOW HITPOINT WARNING * * *
The yak closely misses you.
You feel very mighty all of a sudden. The yak gores you!
* * * LOW HITPOINT WARNING * * *
The yak gores you but does no damage.
It was a potion of lignification.
You turn into a tree.
Your +2 hat melds into your body.
Your +0 pair of gloves melds into your body.
Your +0 chain mail melds into your body.
Your roots penetrate the ground.
Your skin stops crawling.
You feel less strong-willed. The yak gores you.
* * * LOW HITPOINT WARNING * * *
The yak gores you!
You die...

,**,,,*,,,,,,..,,,#....#*,∆,##...
,**,,,*,,,........#....#*,,,*###.
,,,,,,*,,,,.......#....#,,,,* #..
,,,,,,*,,,,,......+....#*,,,* #.⌠
,******,..........#....#*,,,**#..
,* *,..........#,∆,,,+,,,,,##. **
*,,.......Y.**,,,**,,,**+#.
****#....#Y##************#.
#....#♣Y#,,,,,*,,,***..
#....#..#,,,,,,,⌠,,,,,_ **
#....#..#,,,,**,,,***,, ,*
#....'..#*,,,****** **, ,******
#....#####,,,**,,,* *, ,,,,,,*
##.......#,,,,,,,,****, ,,,,,,*
#.......#,,,,,,,,,**,, ,,,,,,*
###.###.#,,,,,,,,,**,⌠
,,,,,,****##.....######*#######,.


You could see 3 yaks.

Vanquished Creatures
  Pikel (D:5)
  A hornet (D:5)
  Prince Ribbit (D:5)
  Sigmund (D:3)
  3 yaks (D:6)
  Eustachio (D:5)
  Edmund (D:4)
  2 ice beasts
  A black bear (D:6)
  3 ogres
  2 centaurs (D:6)
  A kobold brigand (D:6)
  2 lemures (D:5)
  2 scorpions
  2 jellies
  2 orc priests
  A gnoll bouda (D:5)
  4 hounds
  Ijyb (D:3)
  2 iguanas
  Natasha (thrice) (D:2)
  4 orc wizards
  7 gnolls
  6 adders
  A shadow imp (D:6)
  A white imp (D:5)
  4 worms
  A dart slug (D:1)
  7 orcs
  5 endoplasms
  2 giant cockroaches
  A goblin (D:1)
  7 hobgoblins
  2 quokkas
  7 ball pythons
  5 bats
  3 frilled lizards
  14 kobolds
  4 rats
118 creatures vanquished.

Notes
Turn   | Place    | Note
-------+----------+-------------------------------------------
     0 | D:1      | jejorda2 the Gnoll Berserker began the quest for the Orb.
     0 | D:1      | Reached XP level 1. HP: 23/23 MP: 1/1
   133 | D:1      | Found a faded altar of an unknown god.
   243 | D:1      | Reached XP level 2. HP: 24/29 MP: 2/2
   799 | D:2      | Noticed Natasha
   817 | D:2      | Killed Natasha
   818 | D:2      | Reached skill level 1 in Invocations
   818 | D:2      | Reached XP level 3. HP: 4/35 MP: 2/4
  1001 | D:2      | Reached skill level 1 in Short Blades
  1001 | D:2      | Reached skill level 1 in Long Blades
  1001 | D:2      | Reached skill level 1 in Maces & Flails
  1001 | D:2      | Reached skill level 1 in Polearms
  1001 | D:2      | Reached skill level 1 in Staves
  1001 | D:2      | Reached skill level 1 in Ranged Weapons
  1001 | D:2      | Reached skill level 1 in Throwing
  1001 | D:2      | Reached skill level 1 in Stealth
  1001 | D:2      | Reached skill level 1 in Shields
  1001 | D:2      | Reached skill level 1 in Unarmed Combat
  1001 | D:2      | Reached skill level 1 in Spellcasting
  1001 | D:2      | Reached skill level 1 in Evocations
  1115 | D:2      | Identified the +0 leather armour of Magic {rF+ rC+ Regen+
                  | Str-5 Int+3}
  1165 | D:2      | Reached XP level 4. HP: 32/41 MP: 5/5
  1248 | D:2      | Reached ** piety under Trog
  1319 | D:2      | Reached skill level 1 in Shapeshifting
  1494 | D:2      | Noticed Natasha
  1511 | D:2      | Killed Natasha
  1512 | D:2      | Reached skill level 1 in Conjurations
  1512 | D:2      | Reached skill level 1 in Hexes
  1512 | D:2      | Reached skill level 1 in Summonings
  1512 | D:2      | Reached skill level 1 in Necromancy
  1512 | D:2      | Reached skill level 1 in Translocations
  1512 | D:2      | Reached skill level 1 in Transmutations
  1512 | D:2      | Reached skill level 1 in Fire Magic
  1512 | D:2      | Reached skill level 1 in Ice Magic
  1512 | D:2      | Reached skill level 1 in Air Magic
  1512 | D:2      | Reached skill level 1 in Earth Magic
  1512 | D:2      | Reached skill level 1 in Poison Magic
  1766 | D:2      | Noticed Natasha
  1777 | D:2      | Killed Natasha
  1778 | D:2      | Reached XP level 5. HP: 40/47 MP: 5/7
  1957 | D:3      | Found a radiant altar of Vehumet.
  2020 | D:3      | Found a snail-covered altar of Cheibriados.
  2067 | D:3      | Noticed Ijyb
  2075 | D:3      | Killed Ijyb
  2553 | D:3      | Noticed Sigmund
  2564 | D:3      | Killed Sigmund
  2565 | D:3      | Reached skill level 5 in Armour
  2565 | D:3      | Reached skill level 5 in Dodging
  2565 | D:3      | Reached XP level 6. HP: 53/53 MP: 7/9
  2675 | D:4      | Found Qiggat's Distillery.
  2683 | D:4      | Bought a potion of might for 56 gold pieces
  2683 | D:4      | Bought a potion of curing for 42 gold pieces
  2755 | D:4      | Noticed Edmund
  2764 | D:4      | Killed Edmund
  2765 | D:4      | Reached XP level 7. HP: 59/59 MP: 10/10
  3238 | D:4      | Found a hazy altar of Hepliaklqana.
  3523 | D:5      | Entered Level 5 of the Dungeon
  3695 | D:5      | Noticed a hornet
  3700 | D:5      | Killed a hornet
  3701 | D:5      | Reached XP level 8. HP: 67/67 MP: 12/12
  3748 | D:5      | Noticed Prince Ribbit
  3770 | D:5      | Killed Prince Ribbit
  3931 | D:5      | Found a staircase to the Ecumenical Temple.
  3936 | D:5      | Noticed Eustachio
  3993 | D:5      | Killed Eustachio
  3998 | Temple   | Entered the Ecumenical Temple
  4305 | D:5      | Found a hide-covered altar of Uskayaw.
  4311 | D:5      | Found a basalt altar of Yredelemnul.
  4507 | D:5      | Noticed Pikel
  4524 | D:5      | Killed Pikel
  4525 | D:5      | Reached XP level 9. HP: 68/74 MP: 13/15
  5812 | D:6      | Reached skill level 5 in Invocations
  6032 | D:6      | Found a shimmering blue altar of Sif Muna.
  6060 | D:6      | Found an opulent altar of Gozag.
  6156 | D:6      | Reached XP level 10. HP: 51/80 MP: 17/17
  6162 | D:6      | HP: 3/120 [yak (6)]
  6162 | D:6      | Mangled by a yak

Illustrated notes

Levels and vault maps discovered:
D:1:      spicycebolla_arrival_transporter_tutorial, layout_loops_ring,
          hellmonk_ecumenical_altar_slurped_away
D:2:      layout_basic, uniq_natasha
D:3:      layout_basic, vehumet_crystals, mainiacjoe_overflow_alcove_1,
          ebering_dispersal_statue_hall, serial_bayou_lagoon_a, uniq_ijyb,
          uniq_sigmund
D:4:      layout_cave_pods, kennysheep_mini_moat, serial_shops,
          nicolae_shop_industrial_runoff, uniq_edmund
D:5:      layout_loops_corners, minitemple, minmay_temple_entry_sparse_star,
          uniq_pikel, uniq_prince_ribbit1, uniq_eustachio
D:6:      layout_gridville, grunt_gozag_statues, led_sif_pool, elyvilon_altar_1
Temple:   nicolae_temple_stand_before_the_council

Skill      XL: |  1  2  3  4  5  6  7  8  9 |
---------------+----------------------------+-----
Invocations    | 1 2 3 4 5 |  5.3
Short Blades   | 1 2 3 4 |  4.9
Long Blades    | 1 2 3 4 |  4.9
Maces & Flails | 1 2 3 4 |  4.9
Polearms       | 1 2 3 4 |  4.9
Staves         | 1 2 3 4 |  4.9
Ranged Weapons | 1 2 3 4 |  4.9
Throwing       | 1 2 3 4 |  4.9
Stealth        | 1 2 3 4 |  4.9
Shields        | 1 2 3 4 |  4.9
Unarmed Combat | 1 2 3 4 |  4.9
Spellcasting   | 1 2 3 4 |  4.9
Evocations     | 1 2 3 4 |  4.9
Shapeshifting  | 1 2 3 4 |  4.4
Conjurations   | 1 2 3 4 |  4.0
Hexes          | 1 2 3 4 |  4.0
Summonings     | 1 2 3 4 |  4.0
Necromancy     | 1 2 3 4 |  4.0
Translocations | 1 2 3 4 |  4.0
Transmutations | 1 2 3 4 |  4.0
Fire Magic     | 1 2 3 4 |  4.0
Ice Magic      | 1 2 3 4 |  4.0
Air Magic      | 1 2 3 4 |  4.0
Earth Magic    | 1 2 3 4 |  4.0
Poison Magic   | 1 2 3 4 |  4.0
Armour         | 5 6 |  6.8
Dodging        | 5 6 |  6.8
Fighting       | 7 8 |  8.2
Axes           | 7 8 |  8.2

Action                     |  1- 3 |  4- 6 |  7- 9 | 10-12 || total
---------------------------+-------+-------+-------+-------++-------
  Melee: Hand axe          |    84 |    51 |       |       ||   135
         Bite              |     7 |     5 |    37 |     1 ||    50
         Punch             |     1 |     3 |     7 |     1 ||    12
         War axe           |       |    47 |   274 |     5 ||   326
 Invoke: Berserk           |     1 |     3 |    11 |       ||    15
         Trog's Hand       |       |     1 |     6 |       ||     7
  Evoke: Wand              |       |       |     2 |       ||     2
    Use: Scroll            |       |       |    10 |       ||    10
         Potion            |       |       |     1 |     2 ||     3
 Armour: Ring mail         |     5 |       |       |       ||     5
         Scale mail        |    39 |    30 |       |       ||    69
         Animal skin       |     1 |       |       |       ||     1
         Chain mail        |       |    40 |   303 |    16 ||   359
         Skin              |       |       |       |     2 ||     2
  Dodge: Dodged            |    47 |    36 |   186 |     4 ||   273

Table legend: (Time is in decaauts)
 A = Elapsed time spent in this place.
 B = Non-inter-level travel time spent in this place.
 C = Inter-level travel time spent in this place.
 D = Time resting spent in this place.
 E = Time spent auto-exploring this place.
 F = Levels seen in this place.
 G = Mean time per level.
                   A        B        C        D        E       F      G
               +--------+--------+--------+--------+--------+-----+--------+
         Total |   6336 |   6200 |    136 |    549 |   4533 |   7 |  905.1 |
       Dungeon |   6263 |   6127 |    136 |    549 |   4462 |   6 | 1043.8 |
        Temple |     72 |     72 |      0 |      0 |     71 |   1 |   72.0 |
               +--------+--------+--------+--------+--------+-----+--------+

Top non-repeatable levels by time:
     D:5: 1599 daAuts
     D:6: 1040 daAuts
     D:4: 925 daAuts
     D:2: 920 daAuts
     D:1: 909 daAuts
     D:3: 868 daAuts
  Temple: 72 daAuts
